 Dungeon Crawl Stone Soup version 0.30-a0-1082-g70414cbcbb (webtiles) character file.

Game seed: 81023736219543121

6307 Arzdou the Unseen (level 10, -1/46 HPs)
             Began as a Spriggan Enchanter on Apr 15, 2023.
             Was a Believer of Dithmenos.
             Killed by divine providence
             ... invoked by an orc priest
              (15 damage)
             ... on level 10 of the Dungeon.
             The game lasted 00:27:26 (9889 turns).

Arzdou the Unseen (Spriggan Enchanter)              Turns: 9889, Time: 00:27:27

Health: -1/46      AC:  9    Str:  4    XL:     10   Next: 63%
Magic:  14/23      EV: 24    Int: 20    God:    Dithmenos [**....]
Gold:   507        SH:  0    Dex: 17    Spells: 14/25 levels left

rFire   . . .      SeeInvis +    e - +2 dagger (venom)
rCold   . . .      Faith    .    (no shield)
rNeg    . . .      Spirit   .    F - +1 steam dragon scales
rPois   +          Reflect  .    (helmet restricted)
rElec   .          Rampage  .    I - +2 cloak
rCorr   .                        (gloves unavailable)
Will    +....                    (boots unavailable)
Stlth   ++++++++                 x - amulet of the acrobat
HPRegen 0.27/turn                E - +5 ring of evasion
MPRegen 0.18/turn                M - ring of poison resistance

@: wreathed by umbra, very quick
A: very small, no large weapons, unfitting armour, see invisible, speed 3
a: Renounce Religion, Shadow Step


You were on level 10 of the Dungeon.
You worshipped Dithmenos.
Dithmenos was pleased with you.
You visited 2 branches of the dungeon, and saw 11 of its levels.

You collected 507 gold pieces.

Inventory:

Hand Weapons
 e - a +2 dagger of venom (weapon)
Armour
 F - +1 steam dragon scales (worn)
 I - a +2 cloak (worn)
Jewellery
 n - an amulet of regeneration
 q - an amulet of guardian spirit
 x - an amulet of the acrobat (around neck)
 E - a +5 ring of evasion (left hand)
 M - a ring of poison resistance (right hand)
Wands
 r - a wand of acid (8)
 D - a wand of roots (6)
 J - a wand of polymorph (4)
 K - a wand of flame (8)
Scrolls
 d - 2 scrolls of fear
 f - a scroll of blinking {unknown}
 h - 2 scrolls of enchant armour
 i - 2 scrolls of vulnerability
 l - a scroll of teleportation
 o - 3 scrolls of fog
 w - 5 scrolls of noise
Potions
 c - a potion of invisibility
 g - a potion of berserk rage {unknown}
 j - 3 potions of degeneration
 k - 7 potions of curing
 m - a potion of brilliance {unknown}
 s - a potion of mutation {unknown}
 t - 5 potions of haste
 u - 2 potions of resistance
 z - a potion of cancellation {unknown}
 A - 3 potions of flight {unknown}
 B - 2 potions of might {unknown}
 H - 2 potions of attraction {unknown}


   Skills:
 + Level 1.4 Fighting
 + Level 6.8 Short Blades
 + Level 4.4 Dodging
 * Level 15.7 Stealth
 + Level 8.0 Spellcasting
 * Level 10.1 Hexes
 + Level 2.5 Ice Magic


You had 14 spell levels left.
You knew the following spells:

 Your Spells              Type           Power      Damage    Failure   Level
a - Ensorcelled Hibernat  Hex/Ice        66%        N/A       1%          2
b - Confusing Touch       Hex            48%        N/A       1%          3
c - Tukima's Dance        Hex            48%        N/A       1%          3
d - Dazzling Flash        Conj/Hex       56%        N/A       3%          3

Your spell library contained the following spells:

 Spells                   Type           Power      Damage    Failure   Level
 Freeze                   Ice            72%        1d8       3%          1
 Shock                    Conj/Air       32%        1d5       9%          1
 Frozen Ramparts          Ice            36%        1d6       9%          3
 Sublimation of Blood     Necr           8%         N/A       13%         2
 Wereblood                Tmut           8%         N/A       13%         2
 Hailstorm                Conj/Ice       13%        3d5       16%         3
 Swiftness                Air            8%         N/A       26%         3
 Airstrike                Air            4%         2d(1-17)  63%         4
 Summon Hydra             Summ           4%         N/A       100%        7


Dungeon Overview and Level Annotations

Branches:
Dungeon (10/15)            Temple (1/1) D:5            Lair (0/5) D:9
    Orc: D:9-12

Altars:
Ashenzari
Cheibriados
Dithmenos
Elyvilon
Fedhas
Gozag
Hepliaklqana
Kikubaaqudgha
Makhleb
Nemelex Xobeh
Okawaru
Qazlal
Ru
Sif Muna
Trog
Uskayaw
Vehumet
Wu Jian
Xom
Yredelemnul
Zin
The Shining One

Shops:
D:3 ?   D:9 *


Innate Abilities, Weirdness & Mutations

You are very small and have problems with some larger weapons.
You are too small for most types of armour.
You have supernaturally acute eyesight. (SInv)
You cover ground extremely quickly. (Speed+++)


Message History

As you read the scroll labelled GIPREN TUROBLIOTIKK, it crumbles to dust.
Your body is wracked with pain!
It was a scroll of torment.
An orc comes into view. It is wielding a +0 mace.
The orc barely resists.
The orc barely resists.
The orc misses you.
An orc priest comes into view. It is wielding a +0 hand axe.
You puncture the orc!
You kill the orc!
Dithmenos accepts your kill.
An orc comes into view. It is wielding a +0 flail.
Casting: Ensorcelled Hibernation (safe; 1% risk of failure)
Confirm with . or Enter, or press ? or * to list all spells.
Aiming: Tukima's Dance (safe; 1% risk of failure)
Press: ? - help, Shift-Dir - straight line, f - orc
Aim: an orc, wielding a +0 flail (chance to affect: 84%)
The +0 flail dances into the air!
Casting: Tukima's Dance (safe; 1% risk of failure)
Confirm with . or Enter, or press ? or * to list all spells.
Aiming: Tukima's Dance (safe; 1% risk of failure)
Press: ? - help, Shift-Dir - straight line, f - orc priest, p - orc
Aim: an orc priest, wielding a +0 hand axe (chance to affect: 71%)
The orc's hands twitch.
You hit the orc.
The orc is poisoned.
The orc is moderately wounded.
The orc barely misses you.
You hit the orc.
You kill the orc!
Dithmenos accepts your kill.
You hit the orc priest.
The orc priest is lightly wounded.
You hit the orc priest.
The orc priest is poisoned.
The orc priest is heavily wounded.
The orc priest invokes the aid of Beogh against you.
Beogh smites you!
* * * LOW HITPOINT WARNING * * *
You barely miss the orc priest.
The orc priest is severely wounded.
The orc priest invokes the aid of Beogh against you.
Beogh smites you!
You die...

####
...#
...###
.....
# ...#
#. (..
#.##o#
#.)@.#
###..#
#<.#
#..#
#..#
#...
##.##
.# .#


You could see an orc priest (very poisoned, ally target) and a friendly +0
flail.

Vanquished Creatures
  Harold (D:9)
  Maggie (D:7)
  A dancing weapon (D:5)
  A wraith (D:9)
  12 yaks (D:9)
  2 steam dragons
  5 orc warriors
  A black bear (D:7)
  2 ice beasts
  An ogre (D:6)
  2 centaurs
  A phantom (D:5)
  A gnoll sergeant (D:8)
  2 bullfrogs
  5 scorpions
  5 wights
  A howler monkey (D:5)
  2 jellies
  8 orc priests
  3 hounds
  A sleepcap (D:5)
  2 iguanas (D:5)
  14 orc wizards
  10 gnolls
  11 adders
  2 white imps (D:6)
  3 worms
  3 dart slugs
  32 orcs
  3 endoplasms
  4 giant cockroaches
  5 goblins
  6 hobgoblins
  11 jackals
  5 quokkas
  5 ball pythons (D:1)
  5 bats
  3 frilled lizards
  9 kobolds
  5 rats
196 creatures vanquished.

Vanquished Creatures (collateral kills)
  An orc warrior (D:8)
  4 wights
  3 orcs
8 creatures vanquished.

Vanquished Creatures (others)
  8 dancing weapons
  2 orc wizards
  A plant (D:1)
11 creatures vanquished.

Grand Total: 215 creatures vanquished

Notes
Turn   | Place    | Note
-------+----------+-------------------------------------------
     0 | D:1      | Arzdou the Spriggan Enchanter began the quest for the Orb.
     0 | D:1      | Reached XP level 1. HP: 9/9 MP: 5/5
   135 | D:1      | Reached XP level 2. HP: 8/13 MP: 6/6
   175 | D:1      | Learned a level 2 spell: Ensorcelled Hibernation
   683 | D:1      | Reached XP level 3. HP: 16/16 MP: 8/8
   854 | D:1      | Reached skill level 5 in Stealth
  1337 | D:2      | Identified the +3 whip of the Changing Gods {vamp, rF+ rC-
                  | Dex+7}
  1618 | D:2      | Learned a level 3 spell: Confusing Touch
  1622 | D:2      | Learned a level 3 spell: Tukima's Dance
  1654 | D:2      | Identified the +3 shortbow of Calamity {heavy, rC- Will+
                  | Str+3 Dex+4}
  2192 | D:3      | Reached XP level 4. HP: 21/21 MP: 6/9
  2330 | D:2      | Reached skill level 6 in Stealth
  2598 | D:3      | Found Seuhy's Magic Scroll Shoppe.
  2634 | D:3      | Reached XP level 5. HP: 24/24 MP: 11/11
  2739 | D:3      | Reached skill level 7 in Stealth
  3128 | D:4      | Noticed an ice beast
  3135 | D:4      | Killed an ice beast
  3136 | D:4      | Reached XP level 6. HP: 29/29 MP: 12/12
  3155 | D:4      | Reached skill level 8 in Stealth
  3584 | D:4      | Learned a level 3 spell: Dazzling Flash
  3701 | D:4      | Reached skill level 1 in Ice Magic
  3811 | D:5      | Entered Level 5 of the Dungeon
  3951 | D:5      | Reached skill level 9 in Stealth
  3951 | D:5      | Reached XP level 7. HP: 32/32 MP: 14/14
  3971 | D:5      | Found a staircase to the Ecumenical Temple.
  3980 | D:5      | Reached skill level 5 in Hexes
  3982 | Temple   | Entered the Ecumenical Temple
  4371 | D:5      | Reached skill level 10 in Stealth
  5124 | D:5      | Reached XP level 8. HP: 23/37 MP: 15/15
  5216 | D:6      | Reached skill level 1 in Fighting
  5237 | D:6      | Found a basalt altar of Yredelemnul.
  5472 | D:6      | Reached skill level 11 in Stealth
  5706 | D:6      | Reached skill level 5 in Spellcasting
  5896 | D:6      | Found a shimmering altar of Xom.
  5902 | D:6      | Found a white marble altar of Elyvilon.
  5907 | D:6      | Found a shadowy altar of Dithmenos.
  5915 | D:6      | Became a worshipper of Dithmenos the Shadowed
  6482 | D:7      | Reached skill level 5 in Short Blades
  6686 | D:7      | Noticed Maggie
  6690 | D:7      | Killed Maggie
  6691 | D:7      | Reached XP level 9. HP: 41/41 MP: 19/19
  6805 | D:7      | Found a sacrificial altar of Ru.
  6826 | D:7      | Reached skill level 12 in Stealth
  7772 | D:8      | Found an ancient bone altar of Kikubaaqudgha.
  7773 | D:8      | Found a hazy altar of Hepliaklqana.
  8103 | D:8      | Reached * piety under Dithmenos
  8359 | D:9      | Found Joustuiq's General Store.
  8516 | D:9      | Reached skill level 13 in Stealth
  8649 | D:9      | Found a staircase to the Lair.
  8715 | D:9      | Reached XP level 10. HP: 45/45 MP: 22/22
  8719 | D:9      | Reached skill level 14 in Stealth
  9348 | D:9      | Reached ** piety under Dithmenos
  9349 | D:9      | Reached skill level 15 in Stealth
  9621 | D:9      | Noticed Harold
  9627 | D:9      | Killed Harold
  9628 | D:9      | Reached skill level 10 in Hexes
  9874 | D:10     | Entered Level 10 of the Dungeon
  9889 | D:10     | Killed from afar by an orc priest

Illustrated notes

Levels and vault maps discovered:
D:1:      minmay_arrival_shoal_huts, layout_rooms, serial_forest,
          infiniplex_forest_end_2, infiniplex_forest_clump_cross,
          infiniplex_forest_clump_curved, infiniplex_forest_lined_room_2,
          infiniplex_forest_lined_3, infiniplex_forest_zigzag_1,
          infiniplex_forest_clump_cross, infiniplex_forest_lined_4_way
D:2:      layout_basic
D:3:      layout_loops_ring, serial_shops, shop
D:4:      layout_loops_ring, hangedman_abyss_or_decor_passed
D:5:      layout_loops_ring, minmay_temple_entry_wispy
D:6:      layout_cave_pools, minmay_overflow_temple_star_quad,
          lemuel_doored_altar, serial_bayou_crossing
D:7:      layout_basic, nicolae_ru_path_of_blood, uniq_maggie
D:8:      layout_basic, gammafunk_temple_overflow_statue
D:9:      layout_basic, lair_entry_dummy, serial_shops, nicolae_stop_n_shop_1,
          serial_glass, glass_columns_a, glass_columns_b, due_unseen_surprise,
          feat_on_display, feat_on_display, uniq_harold
D:10:     layout_loops_ring, orc_0_dummy
Temple:   hellmonk_temple_two_chambers

Skill      XL: |  1  2  3  4  5  6  7  8  9 10 |
---------------+-------------------------------+-----
Hexes          | 4 5 7 9 10 | 10.1
Spellcasting   | 3 4 6 7 8 |  8.0
Dodging        | 3 4 |  4.4
Stealth        | 5 6 7 9 10 11 13 15 | 15.7
Short Blades   | 2 3 4 5 6 |  6.8
Ice Magic      | 1 2 |  2.5
Fighting       | 1 |  1.4

Action                     |  1- 3 |  4- 6 |  7- 9 | 10-12 || total
---------------------------+-------+-------+-------+-------++-------
  Melee: Dagger            |   115 |    76 |   252 |    72 ||   515
         Punch             |       |       |     4 |     3 ||     7
   Cast: Ensorcelled Hiber |    24 |    24 |    43 |    24 ||   115
         Confusing Touch   |       |     3 |     9 |     1 ||    13
         Tukima's Dance    |       |     2 |    28 |     7 ||    37
    Use: Potion            |     1 |       |       |       ||     1
         Scroll            |       |       |     6 |     7 ||    13
   Stab: Sleeping          |    26 |    26 |    33 |    19 ||   104
         Invisible         |     4 |       |       |       ||     4
         Confused          |       |     2 |     7 |     1 ||    10
         Distracted        |       |       |     1 |     1 ||     2
 Armour: Robe              |    20 |     6 |     6 |       ||    32
         Steam dragon scal |       |       |     4 |     3 ||     7
  Dodge: Dodged            |   119 |    48 |   160 |    31 ||   358

Table legend: (Time is in decaauts)
 A = Elapsed time spent in this place.
 B = Non-inter-level travel time spent in this place.
 C = Inter-level travel time spent in this place.
 D = Time resting spent in this place.
 E = Time spent auto-exploring this place.
 F = Levels seen in this place.
 G = Mean time per level.
                   A        B        C        D        E       F      G
               +--------+--------+--------+--------+--------+-----+--------+
         Total |   7191 |   7000 |    191 |     40 |   5261 |  11 |  653.7 |
       Dungeon |   7179 |   6991 |    188 |     40 |   5255 |  10 |  717.9 |
        Temple |     11 |      9 |      2 |      0 |      6 |   1 |   11.0 |
               +--------+--------+--------+--------+--------+-----+--------+

Top non-repeatable levels by time:
     D:9: 1139 daAuts
     D:1: 1013 daAuts
     D:8: 950 daAuts
     D:5: 831 daAuts
     D:6: 739 daAuts
     D:2: 686 daAuts
     D:7: 680 daAuts
     D:3: 602 daAuts
     D:4: 525 daAuts
    D:10: 12 daAuts
  Temple: 11 daAuts
